 Dungeon Crawl Stone Soup version 0.31.0-9-g3a7656b989 (webtiles) character file.

Game seed: 12390947543927105841

44 qw the Shooter (level 3, 0/20 HPs)
             Began as a Deep Elf Hunter on Feb 2, 2024.
             Slain by Terence
             ... wielding a +0 flail
              (6 damage)
             ... on level 2 of the Dungeon.
             The game lasted 00:00:02 (834 turns).

qw the Shooter (Deep Elf Hunter)                     Turns: 834, Time: 00:00:03

Health: 0/20       AC:  3    Str: 10    XL:     3   Next: 41%
Magic:  5/5        EV: 12    Int: 13    God:
Gold:   71         SH:  0    Dex: 18    Spells: 2/2 levels left

rFire   . . .        a - +0 shortbow
rCold   . . .        (shield currently unavailable)
rNeg    . . .        c - +0 leather armour
rPois   .            (no helmet)
rElec   .            (no cloak)
rCorr   .            (no gloves)
SInv    .            (no boots)
Will    .....        (no amulet)
Stlth   ++           (no ring)
HPRegen 0.23/turn    (no ring)
MPRegen 0.09/turn

%: no passive effects
@: no status effects
A: no striking features
a: no special abilities


You were on level 2 of the Dungeon.
You visited 1 branch of the dungeon, and saw 2 of its levels.

You collected 71 gold pieces.


   Skills:
 - Level 1.5 Fighting
 + Level 7.0 Ranged Weapons
 - Level 2.4 Dodging
 - Level 1.2 Stealth


You had 2 spell levels left.
You didn't know any spells.
Your spell library was empty.

Inventory:

Hand Weapons
 a - a +0 shortbow (weapon)
Armour
 c - a +0 leather armour (worn)
Scrolls
 d - a scroll of identify
 e - a scroll of enchant armour {unknown}
 g - a scroll of teleportation
Potions
 b - a potion of lignification {unknown}
 f - a potion of enlightenment
 h - a potion of heal wounds {unknown}

Dungeon Overview and Level Annotations

Branches:
Dungeon (2/15)

Altars:

Annotations:
D:2 Terence


Message History

Found 15 gold pieces.
You shoot an arrow. The arrow hits the kobold.
The kobold shouts!
The kobold is severely wounded.
You shoot an arrow. The arrow hits the kobold.
You kill the kobold!
Your Ranged Weapons skill increases to level 7!
You now have 71 gold pieces (gained 15).
A ball python comes into view.
Found a scroll labelled BAECUL XAQE.
You shoot an arrow.
The arrow hits the ball python but does no damage.
The ball python hisses angrily.
The ball python bites you but does no damage.
The ball python misses you.
You shoot an arrow. The arrow hits the ball python.
You kill the ball python!
You see here a ball python corpse.
e - a scroll labelled BAECUL XAQE Terence the Incautious comes into view.
He is wielding a +0 flail.
You shoot an arrow.
The arrow hits Terence but does no damage.
Terence shouts!
You shoot an arrow. The arrow barely misses Terence.
Terence hits you with a +0 flail!
You shoot an arrow. The arrow closely misses Terence.
Terence hits you with a +0 flail.
A frilled lizard comes into view.
You shoot an arrow. The frilled lizard hisses angrily.
The arrow hits Terence but does no damage.
Terence hits you with a +0 flail.
You shoot an arrow.
The arrow hits Terence but does no damage.
Terence barely misses you.
You shoot an arrow. The arrow hits Terence.
Terence is moderately wounded.
Terence hits you with a +0 flail.
You die...
Terence says, "Rest in peace."

#..... #.####
##########.#
#..........#
#.####.....#### ##.#
##.###..... ####### #..#
#..........
.......##.####..########
.......@........# #
......@#####.##.# #
....... #.##.# # .......
#....# # #.##.#. #.##<#
# . l...
####.##.######## .. ..
..............|. ..# #.
#.#.##..#...####
.#.##..###.#...


You could see Terence and a frilled lizard.

Vanquished Creatures
  2 adders (D:2)
  3 endoplasms
  A giant cockroach (D:1)
  3 goblins
  2 hobgoblins (D:1)
  2 kobolds
  3 quokkas
  3 ball pythons
  4 bats (D:1)
  A frilled lizard (D:1)
  A rat (D:2)
25 creatures vanquished.

Notes
Turn   | Place    | Note
-------+----------+-------------------------------------------
     0 | D:1      | qw the Deep Elf Hunter began the quest for the Orb.
     0 | D:1      | Reached XP level 1. HP: 12/12 MP: 3/3
     0 | D:1      | 0 ||| qw: Version: 0.3-a-155-g5e7d8dd
     0 | D:1      | 0 ||| qw: Game counter: 803
     0 | D:1      | 0 ||| qw: Melee chars always use a shield: true
     0 | D:1      | 0 ||| qw: God list: Okawaru
     0 | D:1      | 0 ||| qw: Allow faded altars: false
     0 | D:1      | 0 ||| qw: Do Orc after clearing Dungeon:15 true
     0 | D:1      | 0 ||| qw: Do second Lair branch before Depths: true
     0 | D:1      | 0 ||| qw: Lair rune preference: random
     0 | D:1      | 0 ||| qw: Goals: Normal
     0 | D:1      | 0 ||| PLANNING D:1-11
   159 | D:1      | Found a faded altar of an unknown god.
   276 | D:1      | Reached XP level 2. HP: 16/16 MP: 4/4
   287 | D:1      | Reached skill level 6 in Ranged Weapons
   544 | D:1      | 544 ||| READING scroll labelled LOEHEPL YBRUKH.
   545 | D:1      | 545 ||| READING scroll labelled DUIVOCKIYKH.
   575 | D:1      | 575 ||| READING 2 scrolls labelled AFFESK UREWA.
   579 | D:1      | 579 ||| READING scroll labelled CEDGHU AS VIQA.
   579 | D:1      | 579 ||| IDENTIFYING white potion
   580 | D:1      | 580 ||| READING scroll labelled XELYNN VE HEMP.
   581 | D:1      | 581 ||| DROPPING scroll of butterflies.
   653 | D:2      | Reached XP level 3. HP: 20/20 MP: 5/5
   768 | D:2      | Reached skill level 7 in Ranged Weapons
   828 | D:2      | Noticed Terence
   834 | D:2      | Slain by Terence

Levels and vault maps discovered:
D:1:      erik_arrival_orb_chamber, layout_basic,
          chequers_ecumenical_altar_simple_redux
D:2:      layout_loops_ring, uniq_sigmund, uniq_terence

Skill      XL: |  1  2  3 |
---------------+----------+-----
Ranged Weapons | 6 7 |  7.0
Fighting       | |  1.5
Dodging        | |  2.4
Stealth        | |  1.2

Action                     || total
---------------------------++-------
   Fire: Shortbow          ||    62
    Use: Scroll            ||     5
 Armour: Leather armour    ||    17
  Dodge: Dodged            ||    10

Table legend:
 A = Non-vault XP
 B = Vault XP
 C = Vault XP percentage of total XP
 D = Non-vault monster count
 E = Vault monster count
 F = Vault count percentage of total count
                 A         B        C        D         E       F
            +---------+---------+-------+---------+---------+-------
      Total |      64 |       0 |   0.0 |      25 |       0 |   0.0
            +---------+---------+-------+---------+---------+-------
        D:1 |      26 |       0 |   0.0 |      16 |       0 |   0.0
        D:2 |      38 |       0 |   0.0 |       9 |       0 |   0.0
            +---------+---------+-------+---------+---------+-------
